 Dungeon Crawl Stone Soup version 0.29.1-12-g30fa7ad0bf (webtiles) character file.

Game seed: 6091873131841327478

138 xian the Trooper (level 5, -3/46 HPs)
             Began as a Draconian Fighter on Dec 16, 2022.
             Was a Follower of Makhleb.
             Slain by an ice beast (7 damage)
             ... on level 3 of the Dungeon.
             The game lasted 00:04:43 (3074 turns).

xian the Trooper (Draconian Fighter)                Turns: 3074, Time: 00:04:45

Health: -3/46      AC:  5    Str: 20    XL:     5   Next: 1%
Magic:  5/5        EV: 12    Int:  9    God:    Makhleb [*.....]
Gold:   141        SH:  4    Dex: 10    Spells: 4/4 levels left

rFire   + . .      SeeInvis .   a - +0 war axe
rCold   x . .      Faith    .   b - +0 buckler
rNeg    . . .      Spirit   .   (body armour unavailable)
rPois   .          Reflect  .   (helmet restricted)
rElec   .          Harm     .   (no cloak)
rCorr   .          Rampage  .   (no gloves)
Will    .....                   (no boots)
Stlth   +.........              (no amulet)
HPRegen 0.15/turn               n - ring of fire
MPRegen 0.09/turn               (no ring)

@: slowed, very slow
A: AC +5, unfitting armour, cold-blooded
a: Renounce Religion


You were on level 3 of the Dungeon.
You worshipped Makhleb.
Makhleb was aware of your devotion.
You visited 1 branch of the dungeon, and saw 3 of its levels.

You collected 141 gold pieces.

Inventory:

Hand Weapons
 a - a +0 war axe (weapon)
Missiles
 d - 4 atropa-tipped darts (quivered)
 e - 19 stones
 j - 3 boomerangs
 l - 6 poisoned darts
Armour
 b - a +0 buckler (worn)
Jewellery
 n - a ring of fire (left hand)
Scrolls
 f - 2 scrolls of identify {unknown}
 h - a scroll of amnesia {unknown}
 k - 2 scrolls of teleportation {unknown}
 o - a scroll of fog {unknown}
Potions
 c - a potion of might
 g - 3 potions of curing {unknown}
 i - a potion of brilliance {unknown}
 m - a potion of degeneration {unknown}
 p - a potion of mutation {unknown}
 q - a potion of invisibility {unknown}


   Skills:
 + Level 4.1 Fighting
 + Level 3.5 Axes
 + Level 3.2 Dodging
 + Level 0.2 Stealth
 + Level 3.7 Shields


You had 4 spell levels left.
You didn't know any spells.
Your spell library contained the following spells:

 Spells                   Type           Power      Damage    Failure   Level
 Necrotise                Necr           0%         1d4       47%         1
 Poisonous Vapours        Pois/Air       0%         N/A       63%         2
 Vampiric Draining        Necr           0%         2d6       85%         3
 Corpse Rot               Necr/Pois/Air  0%         N/A       99%         4
 Agony                    Necr           0%         N/A       100%        5
 Alistair's Intoxication  Tmut/Pois      0%         N/A       100%        5
 Borgnjor's Vile Clutch   Necr/Erth      0%         N/A       100%        5
 Eringya's Noxious Bog    Tmut/Pois      0%         N/A       100%        6


Dungeon Overview and Level Annotations

Branches:
Dungeon (3/15)

Altars:
Makhleb


Innate Abilities, Weirdness & Mutations

Your plain brown scales are hard. (AC +5)
You cannot fit into any form of body armour.
You are cold-blooded and may be slowed by cold attacks.


Message History

You now have 134 gold pieces (gained 7).
You open the door.
There is an open door here.
You now have 141 gold pieces (gained 7).
You see here a ball python corpse.
A frilled lizard comes into view.
The frilled lizard hisses angrily.
You barely miss the frilled lizard. The frilled lizard bites you.
You slash the frilled lizard!
You kill the frilled lizard!
Makhleb accepts your kill.
You see here a frilled lizard corpse.
Done exploring.
Done exploring.
Done exploring.
You can't go down here!
Okay, then.
Okay, then.
Unknown command.
You throw an atropa-tipped dart.
The atropa-tipped dart barely misses the ice beast.
You throw an atropa-tipped dart.
The atropa-tipped dart hits the ice beast.
The ice beast resists.
The ice beast barely misses you.
You slash the ice beast!
You tail-slap the ice beast, but do no damage.
The ice beast is moderately wounded.
The ice beast hits you. The ice beast freezes you!
You feel a terrible chill!
You barely miss the ice beast.
You tail-slap the ice beast, but do no damage.
The ice beast is moderately wounded.
The ice beast hits you. The ice beast freezes you!!
You feel a terrible chill!
* * * LOW HITPOINT WARNING * * *
You hit the ice beast.
The ice beast is heavily wounded.
The ice beast hits you.
* * * LOW HITPOINT WARNING * * *
The ice beast freezes you!
You feel a terrible chill!
You feel yourself slow down.
You die...

## .# ######## .#
#......# .# #############
#.####.# .#
#(...Y@.....####.####.#
.##
#.#########.#.#........
..# #.# ###......##.#.#
..# ###Y#####
#........##.#.# ..#
#.......# #.............#
#.#
#.#.###.###...........#.#
#.#
#.#.##...##.....#.#####.#
#.#
#.#.#.....#.....#.......#
#.#
#.#.......#####'#########


You could see an ice beast.

Vanquished Creatures
  4 gnolls (D:2)
  4 adders
  3 dart slugs
  7 ball pythons
  2 endoplasms (D:1)
  4 giant cockroaches
  5 goblins
  5 hobgoblins
  5 jackals
  2 quokkas (D:2)
  2 bats (D:2)
  7 frilled lizards
  7 kobolds
  3 rats
60 creatures vanquished.

Notes
Turn   | Place    | Note
-------+----------+-------------------------------------------
     0 | D:1      | xian the Draconian Fighter began the quest for the Orb.
     0 | D:1      | Reached XP level 1. HP: 19/19 MP: 1/1
   241 | D:1      | Reached XP level 2. HP: 14/26 MP: 2/2
  1040 | D:2      | Reached XP level 3. HP: 30/31 MP: 3/3
  1436 | D:2      | Found a burning altar of Makhleb.
  1471 | D:2      | Reached XP level 4. HP: 14/40 MP: 4/4
  1474 | D:2      | Reached skill level 4 in Fighting
  2302 | D:3      | Noticed an ice beast
  2602 | D:3      | Found a faded altar of an unknown god.
  2625 | D:3      | Prayed at the altar of an unknown god.
  2625 | D:3      | Became a worshipper of Makhleb the Destroyer
  2625 | D:3      | Reached * piety under Makhleb
  2777 | D:3      | Reached XP level 5. HP: 46/46 MP: 5/5
  3074 | D:3      | Slain by an ice beast

Illustrated notes

Levels and vault maps discovered:
D:1:      amcnicky_arrival_feature_with_door, layout_loops_cross,
          chequers_serial_rivers_small_3, chequers_serial_rivers_micro_c,
          chequers_serial_rivers_small_b, chequers_serial_rivers_small_a
D:2:      layout_loops_ring, basic_altar
D:3:      layout_loops_corners, basic_ecumenical_altar

Skill      XL: |  1  2  3  4 |
---------------+-------------+-----
Dodging        | 3 |  3.2
Axes           | 3 |  3.5
Fighting       | 4 |  4.1
Stealth        | |  0.2
Shields        | |  3.7

Action                   |  1- 3 |  4- 6 || total
-------------------------+-------+-------++-------
Melee: War axe           |   109 |    65 ||   174
       Tailslap          |     5 |     9 ||    14
Throw: Stone             |    10 |       ||    10
       Dart              |     2 |     2 ||     4
  Use: Potion            |     1 |       ||     1
Armor: Skin              |    35 |    18 ||    53
Dodge: Dodged            |    76 |    43 ||   119
Block: Buckler           |    36 |    12 ||    48
